AoeStats
← Maty

MegaRandom

510454181Analyzed
4v4 RM · 1d ago on Oct 1, 2026· 29m 48s· 8 players
Game mode
Random Map
Map size
Large (8 player)
Population
200
Speed
Normal
Resources
Standard
Victory
Conquest
Starting age
Dark Age
Ending age
Imperial Age
RankedLock teamsTeams togetherTeam positionsShared explorationLock speedFull tech treeHidden civsTurbo modeCheats
Victory
Defeat
🇲🇽 Persians · Mexico
1669
+11
🇲🇽 Britons · Mexico
1626
+12
🇲🇽 Hindustanis · Mexico
1462
+19
🇲🇽 Italians · Mexico
1368
+23
🇪🇨 Saxons · Ecuador
1547
-17
🇺🇸 Mongols · United States
1535
-16
🇹🇼 Varangians · Taiwan
1530
-16
🇧🇷 Sicilians · Brazil
1525
-16
Dwarf king
11:02 Feudal Age
12:30 Double-Bit Axe
13:30 Loom
16:10 Castle Age
16:13 Bloodlines
16:17 Forging
23:59 Scale Barding Armor
24:18 Horse Collar
30:27 Chain Barding Armor
Maty
6:32 Loom
7:11 Loom
11:23 Feudal Age
13:07 Double-Bit Axe
15:26 Fletching
16:24 Padded Archer Armor
16:23 Town Watch
25:09 Castle Age
22:57 Horse Collar
24:32 Gold Mining
25:09 Crossbowman
25:46 Bodkin Arrow
27:00 Bow Saw
30:50 Wheelbarrow
沒起房子我日
6:52 Loom
9:33 Feudal Age
10:08 Double-Bit Axe
17:23 Scale Barding Armor
18:15 Bloodlines
20:56 Forging
22:49 Wheelbarrow
23:26 Horse Collar
26:10 Castle Age
25:30 Gold Mining
26:16 Light Cavalry
26:57 Husbandry
27:19 Bow Saw
28:37 Chain Barding Armor
PoopMaster
7:49 Loom
Santo Enmascarado
6:01 Loom
6:41 Loom
9:10 Feudal Age
23:15 Fletching
27:19 Wheelbarrow
albafica_
5:16 Loom
8:52 Feudal Age
9:16 Double-Bit Axe
22:40 Castle Age
20:56 Gold Mining
21:41 Scale Barding Armor
21:46 Forging
22:25 Bloodlines
24:13 Horse Collar
29:28 Iron Casting
29:53 Wheelbarrow
DLM15
5:36 Loom
9:20 Feudal Age
11:46 Fletching
23:35 Castle Age
23:28 Double-Bit Axe
24:20 Bodkin Arrow
23:51 Crossbowman
30:14 Bow Saw
The Lord Daniel
6:48 Loom
10:07 Feudal Age
13:01 Double-Bit Axe
12:56 Horse Collar
18:19 Forging
19:15 Scale Barding Armor
21:40 Castle Age
20:53 Bloodlines
20:35 Gold Mining
22:45 Chain Barding Armor
22:28 Husbandry
22:51 Bow Saw
Connection lost

Rejoining the realm…

Still unreachable

The connection could not be restored.

Session expired

The server has moved on; the page needs a fresh start.